 Dungeon Crawl Stone Soup version 0.26-a0-668-gd58323b419 (webtiles) character file.

Game seed: 6762319781259895495

520 grandjackal the Ducker (level 7, 0/53 HPs)
             Began as a Demonspawn Gladiator on Oct 18, 2020.
             Was a Follower of Okawaru.
             Slain by Pikel
             ... wielding a +1 whip of electrocution
              (9 damage)
             ... while paralysed by Pikel
             ... on level 4 of the Dungeon.
             The game lasted 00:04:04 (2805 turns).

grandjackal the Ducker (Demonspawn Gladiator)       Turns: 2805, Time: 00:04:04

Health: 0/53       AC:  8    Str: 16    XL:     7   Next: 1%
Magic:  9/9        EV:  2    Int:  9    God:    Okawaru [*.....]
Gold:   119        SH:  0    Dex: 25    Spells: 6/6 levels left

rFire    . . .     SeeInvis .   a - +0 long sword
rCold    . . .     Faith    .   (no shield)
rNeg     . . .     Spirit   .   i - +0 ring mail
rPois    .         Reflect  .   c - +0 helmet
rElec    .         Harm     .   (no cloak)
rCorr    .         Rampage  .   (no gloves)
MR       .....                  (no boots)
Stlth    +.........             r - amulet of the acrobat
HPRegen  0.17/turn              q - +6 ring of dexterity (curse)
MPRegen  0.11/turn              (no ring)

@: paralysed
A: talons 1, slimy green scales 1, agile 2, powered by death 2
a: Heroism, Renounce Religion


You were on level 4 of the Dungeon.
You worshipped Okawaru.
Okawaru was aware of your devotion.
You visited 1 branch of the dungeon, and saw 4 of its levels.

You collected 119 gold pieces.

Inventory:

Hand Weapons
 a - a +0 long sword (weapon)
 s - the +4 dagger of the Asp {venom, *Rage rElec Dex+4, unknown}
   (You found it on level 4 of the Dungeon)

   It poisons the flesh of those it strikes.
   It affects your dexterity (+4).
   It insulates you from electricity.
   It may make you go berserk in combat.
 v - a +4 short sword of freezing
Missiles
 d - a throwing net (quivered)
Armour
 c - a +0 helmet (worn)
 h - a +0 buckler
 i - a +0 ring mail (worn)
Jewellery
 q - a cursed +6 ring of dexterity (left hand)
 r - an amulet of the acrobat (around neck)
Wands
 f - a wand of digging (4)
Scrolls
 b - a scroll of magic mapping {unknown}
 e - a scroll of noise {unknown}
 g - 2 scrolls of random uselessness {unknown}
 l - a scroll of remove curse {unknown}
 n - 3 scrolls of identify {unknown}
 t - a scroll of enchant weapon {unknown}
Potions
 j - a potion of heal wounds {unknown}
 k - 3 potions of curing
 m - a potion of lignification {unknown}
 o - a potion of mutation
 p - a potion of cancellation {unknown}
 u - a potion of haste {unknown}


   Skills:
 + Level 3.9 Fighting
 + Level 4.1 Long Blades
 - Level 1.7 Throwing
 + Level 4.1 Dodging
 + Level 2.5 Shields
 + Level 3.5 Invocations


You had 6 spell levels left.
You didn't know any spells.
Your spell library was empty.

Dungeon Overview and Level Annotations

Branches:
Dungeon (4/15)
 Temple: D:4-7

Altars:
Elyvilon
Okawaru

Annotations:
D:4 Pikel


Innate Abilities, Weirdness & Mutations

You have sharp toenails.
You are partially covered in slimy green scales. (AC +2)
You regenerate health from kills.
You are very agile. (Dex +4)


Message History

Pikel closely misses you.
You barely miss Pikel. You claw Pikel.
Pikel is lightly wounded.
Pikel barely misses you.
You riposte.
You hit Pikel but do no damage.
Pikel is lightly wounded.
You hit Pikel but do no damage.
Pikel is lightly wounded.
Pikel cracks his whip.
Pikel hits you with a +1 whip of electrocution!
You are electrocuted!
You hit Pikel but do no damage. Your kick misses Pikel.
Pikel is lightly wounded.
Pikel hits you but does no damage.
Pikel hits you with a +1 whip of electrocution.
You are electrocuted!
* * * LOW HITPOINT WARNING * * *
Pikel zaps a wand.
You suddenly lose the ability to move!
The now-empty wand crumbles to dust.
Pikel hits you with a +1 whip of electrocution!
You die...

##...## #.....#
##...## ##.##
#######.#####...
.......55.....#
#######5#######
##K########
#..@......#
#..######.# #..#
#..# ### ###..#
##.#####....##.
#................
##.#####.........
#.# ###.(.###.#


You could see Pikel and 2 lemures.

Vanquished Creatures
  Duvessa (D:4)
  An ice beast (D:3)
  A lemure (D:4)
  Dowan (D:4)
  A bullfrog skeleton (D:4)
  2 orc priests
  A worker ant (D:4)
  Terence (D:3)
  3 adders
  2 worms (D:2)
  6 dart slugs
  10 orcs
  5 giant cockroaches
  10 goblins
  8 hobgoblins
  6 jackals (D:2)
  A quokka (D:2)
  3 ball pythons
  5 bats
  3 frilled lizards
  7 kobolds
  8 rats
86 creatures vanquished.

Notes
Turn   | Place    | Note
-------+----------+-------------------------------------------
     0 | D:1      | grandjackal the Demonspawn Gladiator began the quest for
                  | the Orb.
     0 | D:1      | Reached XP level 1. HP: 16/16 MP: 1/1
    53 | D:1      | Gained mutation: You regenerate a little health from kills.
                  | [demonic ancestry]
    53 | D:1      | Reached XP level 2. HP: 9/22 MP: 2/2
   498 | D:1      | Reached XP level 3. HP: 28/28 MP: 3/3
   726 | D:2      | Found an iron altar of Okawaru.
   751 | D:2      | Became a worshipper of Warmaster Okawaru
   873 | D:2      | Found a white marble altar of Elyvilon.
   998 | D:2      | Found a faded altar of an unknown god.
  1411 | D:2      | Reached skill level 1 in Shields
  1414 | D:2      | Gained mutation: You regenerate health from kills. [demonic
                  | ancestry]
  1414 | D:2      | Reached XP level 4. HP: 34/34 MP: 4/4
  1529 | D:2      | Reached skill level 1 in Invocations
  1609 | D:3      | Noticed Terence
  1619 | D:3      | Killed Terence
  1619 | D:3      | Gained mutation: You are partially covered in slimy green
                  | scales. (AC +2) [demonic ancestry]
  1619 | D:3      | Reached XP level 5. HP: 31/41 MP: 6/6
  1866 | D:3      | Noticed an ice beast
  1894 | D:3      | Killed an ice beast
  2096 | D:3      | Gained mutation: You have sharp toenails. [demonic
                  | ancestry]
  2096 | D:3      | Reached XP level 6. HP: 44/47 MP: 6/8
  2310 | D:4      | Got a twisted dagger
  2444 | D:4      | Noticed Dowan
  2445 | D:4      | Noticed Duvessa
  2460 | D:4      | Gained mutation: You are agile. (Dex +2) [potion of
                  | mutation]
  2460 | D:4      | Gained mutation: You are very agile. (Dex +4) [potion of
                  | mutation]
  2467 | D:4      | Killed Duvessa
  2467 | D:4      | Reached * piety under Okawaru
  2495 | D:4      | Killed Dowan
  2495 | D:4      | Reached XP level 7. HP: 16/53 MP: 9/9
  2778 | D:4      | Noticed Pikel
  2802 | D:4      | Paralysed by Pikel for 5 turns
  2805 | D:4      | Slain by Pikel

Illustrated notes

Levels and vault maps discovered:
D:1:      ncdulo_watergridlock, layout_rooms, serial_bayou_crossing
D:2:      layout_loops_ring, overflow_temple_1_default,
          chequers_ecumenical_altar_island, serial_park_tiny_2,
          okawaru_ov_weapons_minmay
D:3:      layout_rooms, uniq_terence
D:4:      layout_loops_corners, lemuel_crystal_altar, kennysheep_little_box,
          amethyst_overflow_temple_binary, uniq_blork_the_orc, uniq_pikel,
          uniq_duvessa

Skill      XL: |  1  2  3  4  5  6 |
---------------+-------------------+-----
Dodging        | 3 4 |  4.1
Long Blades    | 3 4 |  4.1
Shields        | 1 2 |  2.5
Invocations    | 1 2 3 |  3.5
Fighting       | 3 |  3.9
Throwing       | |  1.7

Action                   |  1- 3 |  4- 6 |  7- 9 || total
-------------------------+-------+-------+-------++-------
Melee: Long sword        |   128 |   135 |     8 ||   271
       Kick              |       |    29 |     4 ||    33
       Short sword       |       |     6 |       ||     6
Throw: Throwing net      |       |     2 |       ||     2
  Use: Potion            |       |     4 |       ||     4
 Stab: Held in net/web   |       |     1 |       ||     1
       Sleeping          |       |     2 |       ||     2
Armor: Leather armour    |    10 |       |       ||    10
       Ring mail         |    33 |    52 |     2 ||    87
Dodge: Dodged            |    82 |   114 |     3 ||   199
       Rpst.: Long sword |    18 |    40 |     2 ||    60

Table legend: (Time is in decaauts)
 A = Elapsed time spent in this place.
 B = Non-inter-level travel time spent in this place.
 C = Inter-level travel time spent in this place.
 D = Time resting spent in this place.
 E = Time spent auto-exploring this place.
 F = Levels seen in this place.
 G = Mean time per level.
                   A        B        C        D        E       F      G
               +--------+--------+--------+--------+--------+-----+--------+
         Total |   2878 |   2785 |     93 |    694 |   1396 |   4 |  719.5 |
       Dungeon |   2878 |   2785 |     93 |    694 |   1396 |   4 |  719.5 |
               +--------+--------+--------+--------+--------+-----+--------+

Top non-repeatable levels by time:
     D:2: 907 daAuts
     D:1: 718 daAuts
     D:3: 647 daAuts
     D:4: 605 daAuts
